 Dungeon Crawl Stone Soup version 0.28-a0-178-ga708605c5b (webtiles) character file.

Game seed: 14744878314782042542

9973 theanonym the Basher (level 11, -4/92 HPs)
             Began as a Mummy Brigand on Aug 18, 2021.
             Was an Initiate of Gozag.
             Slain by a gargoyle (7 damage)
             ... on level 10 of the Dungeon.
             The game lasted 00:21:17 (11868 turns).

theanonym the Basher (Mummy Brigand)               Turns: 11868, Time: 00:21:17

Health: -4/92      AC: 17    Str: 20    XL:     11   Next: 30%
Magic:  11/11      EV:  9    Int: 11    God:    Gozag
Gold:   662        SH:  0    Dex: 16    Spells: 10/10 levels left

rFire   x . .      SeeInvis +   x - +9 mace "Peef" {drain, Dex+3 Stlth+}
rCold   + . .      Faith    .   (no shield)
rNeg    + + +      Spirit   .   n - +0 plate armour
rPois   ∞          Reflect  .   A - +3 helmet "Ocsaomas" {rElec Str-4 Slay+2 SInv}
rElec   +          Harm     .   c - +1 cloak
rCorr   .          Rampage  .   l - +0 pair of gloves
Will    +....                   (no boots)
Stlth   ..........              e - amulet of regeneration
HPRegen 1.25/turn               k - +4 ring of evasion
MPRegen 0.12/turn               v - +6 ring of strength

@: gold aura, studying Crossbows
A: cold resistance 1, negative energy resistance 3, torment resistance 2, heat
vulnerability 1, no potions
a: Renounce Religion, Potion Petition, Call Merchant, Bribe Branch


Innate Abilities, Weirdness & Mutations

You are immune to poison.
Your flesh is cold resistant. (rC+)
You are immune to negative energy. (rN+++)
You are immune to unholy pain and torment.
You are vulnerable to heat. (rF-)
You do not drink.


   Skills:
 + Level 10.5 Fighting
 - Level 1.5 Short Blades
 * Level 12.0 Maces & Flails
 - Level 1.5 Throwing
 - Level 0.7 Dodging
 - Level 3.2 Stealth


You had 10 spell levels left.
You didn't know any spells.
Your spell library contained the following spells:

 Spells                   Type           Power      Damage    Failure   Level
 Foxfire                  Conj/Fire      0%         2x1d4     100%        1
 Freeze                   Ice            0%         1d3       100%        1
 Shock                    Conj/Air       0%         1d3       100%        1
 Sting                    Tmut/Pois      0%         1d3       100%        1
 Conjure Flame            Conj/Fire      0%         6-21      100%        3
 Frozen Ramparts          Ice            0%         1d2       100%        3
 Inner Flame              Hex/Fire       0%         N/A       100%        3
 Swiftness                Air            0%         N/A       100%        3
 Airstrike                Air            0%         N/A       100%        4
 Cause Fear               Hex            0%         N/A       100%        4
 Hailstorm                Conj/Ice       0%         3d3       100%        4
 Discord                  Hex            0%         N/A       100%        8
 Blade Hands              Tmut           Unusable   N/A       N/A         5
 Statue Form              Tmut/Erth      Unusable   N/A       N/A         6

Skill      XL: |  1  2  3  4  5  6  7  8  9 10 11 |
---------------+----------------------------------+-----
Maces & Flails | 1 2 3 5 6 8 9 11 12 | 12.0
Fighting       | 3 4 5 7 8 10 | 10.5
Short Blades   | |  1.5
Throwing       | |  1.5
Dodging        | |  0.7
Stealth        | |  3.2

Action                   |  1- 3 |  4- 6 |  7- 9 | 10-12 || total
-------------------------+-------+-------+-------+-------++-------
Melee: Dagger            |   126 |       |       |       ||   126
       Mace              |    33 |   149 |    48 |   159 ||   389
       Flail             |       |    44 |   305 |       ||   349
Throw: Dart              |     3 |     9 |    36 |    23 ||    71
Evoke: Wand              |       |     5 |    10 |     1 ||    16
  Use: Scroll            |       |     7 |     7 |     5 ||    19
 Stab: Sleeping          |     9 |       |       |       ||     9
       Distracted        |     1 |     1 |       |       ||     2
       Paralysed         |       |       |     1 |       ||     1
Armor: Robe              |    37 |       |       |       ||    37
       Chain mail        |    11 |   118 |    36 |       ||   165
       Ring mail         |     8 |       |       |       ||     8
       Plate armour      |       |       |   173 |    82 ||   255
Dodge: Dodged            |    79 |   113 |   186 |    75 ||   453

Inventory:

Hand Weapons
 x - the +9 mace "Peef" (weapon) {drain, Dex+3 Stlth+} A truly terrible weapon, it drains the life of any living foe it strikes. Dex: It affects your dexterity (+3). Stlth: It makes you more stealthy.
 y - a +0 vorpal morningstar
Missiles
 b - a throwing net
 d - 28 poisoned darts (quivered)
Armour
 c - a +1 cloak (worn)
 i - a +2 hat
 l - a +0 pair of gloves (worn)
 n - a +0 plate armour (worn)
 A - the +3 helmet "Ocsaomas" (worn) {rElec Str-4 Slay+2 SInv}

   Str:       It affects your strength (-4).
   Slay:      It affects your accuracy & damage with ranged weapons and melee
   (+2).
   rElec:     It insulates you from electricity.
   SInv:      It lets you see invisible.
Jewellery
 e - an amulet of regeneration (around neck)
 k - a +4 ring of evasion (left hand)
 p - a ring of fire
 v - a +6 ring of strength (right hand)
Wands
 a - a wand of mindburst (4)
 w - a wand of flame (12)
Scrolls
 f - a scroll of fog
 g - a scroll of enchant weapon
 o - 4 scrolls of immolation
 r - 3 scrolls of identify
 t - 4 scrolls of teleportation
 z - a scroll of brand weapon


You were on level 10 of the Dungeon.
You worshipped Gozag.
Gozag was pleased with you.
You visited 2 branches of the dungeon, and saw 11 of its levels.

You collected 1084 gold pieces.
You spent 359 gold pieces at shops.
You paid 63 gold pieces to Gozag.

Dungeon Overview and Level Annotations

Branches:
Dungeon (10/15)            Temple (1/1) D:6            Lair (0/6) D:8
    Orc: D:9-12

Altars:
Ashenzari
Cheibriados
Dithmenos
Elyvilon
Fedhas
Gozag
Hepliaklqana
Kikubaaqudgha
Makhleb
Nemelex Xobeh
Okawaru
Qazlal
Ru
Sif Muna
Trog
Uskayaw
Vehumet
Wu Jian
Xom
Yredelemnul
Zin
The Shining One

Shops:
D:1 *?   D:6 ?   D:8 (

Annotations:
D:3 3 runed translucent doors, PeterLawrence's ghost, amateur MiFi

#.# .###.# ...#.#
Y..#.# $ Y..#.#
Y..#.# ...#Z#
############.# #o#
el..D9o$$....# #@#
.###########o..9.#
.....)...#
#.#Oo(..
..######.# .#.####
..####.#!# ...
.......#<# ####
.#####.#.#.#
.........#.#♣.
#####..........


You could see a gargoyle (ally target), a friendly two-headed ogre (summoned), a
friendly orc warrior (summoned), a friendly orc wizard (summoned), a friendly
orc (summoned) and a friendly howler monkey zombie (summoned).

Notes
Turn   | Place    | Note
-------+----------+-------------------------------------------
     0 | D:1      | theanonym the Mummy Brigand began the quest for the Orb.
     0 | D:1      | Reached XP level 1. HP: 16/16 MP: 1/1
    21 | D:1      | HP: 8/16 [endoplasm (2)]
   450 | D:1      | HP: 6/17 [hobgoblin (4)]
   452 | D:1      | Reached XP level 2. HP: 9/23 MP: 2/2
   838 | D:1      | Found Vabeste's General Store.
   852 | D:1      | Found Ypnal's Magic Scroll Emporium.
   912 | D:1      | Found a faded altar of an unknown god.
  1155 | D:1      | HP: 10/23 [goblin (3)]
  1158 | D:1      | HP: 2/23 [goblin (3)]
  1165 | D:1      | Reached skill level 1 in Maces & Flails
  1538 | D:1      | Reached XP level 3. HP: 28/28 MP: 3/3
  2031 | D:2      | Reached skill level 3 in Fighting
  2264 | D:2      | Reached skill level 2 in Maces & Flails
  2426 | D:2      | Reached XP level 4. HP: 35/35 MP: 4/4
  2681 | D:3      | Found a runed translucent gate.
  2682 | D:3      | Found a runed translucent gate.
  2682 | D:3      | Noticed a kobold brigand
  2683 | D:3      | Found a runed translucent gate.
  2683 | D:3      | Noticed PeterLawrence's ghost (amateur MiFi)
  3356 | D:4      | Found an ornate altar of the Wu Jian Council.
  3369 | D:4      | Noticed a phantom
  3388 | D:4      | Reached skill level 3 in Maces & Flails
  3388 | D:4      | Reached XP level 5. HP: 24/41 MP: 5/5
  3389 | D:4      | Killed a phantom
  3731 | D:4      | Reached skill level 4 in Fighting
  4265 | D:3      | Reached XP level 6. HP: 46/48 MP: 2/6
  4404 | D:4      | Reached skill level 4 in Maces & Flails
  4576 | D:4      | HP: 16/49 [orc priest/divine providence (11)]
  5078 | D:5      | Entered Level 5 of the Dungeon
  5435 | D:5      | Noticed a troll
  5446 | D:5      | Killed a troll
  5447 | D:5      | Reached skill level 5 in Fighting
  5447 | D:5      | Reached skill level 5 in Maces & Flails
  5447 | D:5      | Reached XP level 7. HP: 50/56 MP: 7/7
  5888 | D:5      | Reached skill level 6 in Maces & Flails
  5921 | D:5      | HP: 27/57 [acid (5)]
  5926 | D:5      | HP: 16/57 [jelly (1)]
  5926 | D:5      | HP: 5/57 [acid (11)]
  5928 | D:5      | Reached XP level 8. HP: 6/64 MP: 8/8
  6015 | D:5      | HP: 21/64 [hornet zombie (3)]
  6018 | D:5      | HP: 10/64 [hornet zombie (1)]
  6524 | D:5      | Reached skill level 6 in Fighting
  6674 | D:6      | Found a stormy altar of Qazlal.
  6728 | D:5      | HP: 32/64 [orc warrior (13)]
  6979 | D:5      | Identified the +0 leather armour of Paranoia {rElec Int+3}
  7116 | D:6      | Noticed a two-headed ogre
  7296 | D:6      | Reached skill level 7 in Maces & Flails
  7400 | D:6      | Found Kuda's Magic Scroll Boutique.
  7403 | D:6      | Found a staircase to the Ecumenical Temple.
  7410 | Temple   | Entered the Ecumenical Temple
  7616 | Temple   | Became a worshipper of Gozag Ym Sagoz the Greedy
  7675 | D:6      | Bought a scroll of summoning for 114 gold pieces
  7716 | D:6      | HP: 23/65 [two-headed ogre (21)]
  7730 | D:6      | HP: 31/65 [two-headed ogre (9)]
  7731 | D:6      | Killed a two-headed ogre
  7732 | D:6      | Reached skill level 7 in Fighting
  7732 | D:6      | Reached skill level 8 in Maces & Flails
  7732 | D:6      | Reached XP level 9. HP: 29/72 MP: 9/9
  8254 | D:5      | HP: 23/74 [wight (17)]
  8498 | D:6      | Found a shimmering altar of Xom.
  8951 | D:7      | Reached skill level 8 in Fighting
  8951 | D:7      | Reached skill level 9 in Maces & Flails
  9225 | D:7      | Noticed Duvessa
  9260 | D:7      | Killed Duvessa
  9277 | D:7      | Noticed Dowan
  9284 | D:7      | HP: 32/74 [Dowan (20)]
  9286 | D:7      | Killed Dowan
  9370 | D:7      | Found a runed translucent door.
  9371 | D:7      | Noticed Crazy Yiuf
  9373 | D:7      | Identified the +9 mace "Peef" {drain, Dex+3 Stlth+}
  9663 | D:7      | Killed Crazy Yiuf
  9862 | D:8      | HP: 24/75 [kobold (20)]
  9866 | D:8      | HP: 5/75 [kobold (19)]
 10048 | D:8      | Found Piwkaull's Antique Weapon Boutique.
 10056 | D:8      | Bought a glowing morningstar for 245 gold pieces
 10261 | D:8      | Got the Collected Works on Unstable Venom
 10711 | D:8      | Found a staircase to the Lair.
 10760 | D:9      | Reached XP level 10. HP: 82/82 MP: 10/10
 10779 | D:9      | Reached skill level 10 in Maces & Flails
 10803 | D:9      | Identified the +3 helmet "Ocsaomas" {rElec Str-4 Slay+2
                  | SInv}
 11151 | D:9      | Reached skill level 9 in Fighting
 11417 | D:10     | Entered Level 10 of the Dungeon
 11450 | D:10     | Noticed a brown ugly thing
 11461 | D:10     | Killed a brown ugly thing
 11598 | D:10     | Noticed a two-headed ogre
 11604 | D:10     | Killed a two-headed ogre
 11605 | D:10     | Reached skill level 11 in Maces & Flails
 11652 | D:10     | Noticed a two-headed ogre
 11663 | D:10     | HP: 40/84 [two-headed ogre (10)]
 11664 | D:10     | Killed a two-headed ogre
 11665 | D:10     | Reached skill level 10 in Fighting
 11738 | D:10     | Noticed Erica
 11749 | D:10     | Killed Erica
 11750 | D:10     | Reached XP level 11. HP: 90/90 MP: 11/11
 11800 | D:10     | Noticed a two-headed ogre
 11811 | D:10     | HP: 28/91 [two-headed ogre (25)]
 11816 | D:10     | HP: 12/91 [two-headed ogre (11)]
 11818 | D:10     | Killed a two-headed ogre
 11824 | D:10     | HP: 17/92 [centaur warrior zombie (3)]
 11825 | D:10     | Noticed a deep elf zephyrmancer
 11847 | D:10     | HP: 34/92 [acid dragon (11)]
 11855 | D:10     | HP: 32/92 [wyvern (3)]
 11861 | D:10     | HP: 32/92 [acid dragon/splash of acid (3)]
 11864 | D:10     | Reached skill level 12 in Maces & Flails
 11866 | D:10     | HP: 14/92 [gargoyle/stone arrow (12)]
 11867 | D:10     | HP: 2/92 [gargoyle/stone arrow (13)]
 11868 | D:10     | Slain by a gargoyle

Vanquished Creatures
  Erica (D:10)
  4 two-headed ogres
  An ugly thing (D:10)
  A hornet (D:10)
  A troll (D:5)
  A shadow (D:9)
  7 yaks (D:10)
  A wyvern (D:10)
  A steam dragon (D:9)
  2 acid dragons (D:10)
  Duvessa (D:7)
  2 water moccasins
  6 orc warriors
  2 sky beasts (D:6)
  2 black bears
  A necrophage (D:6)
  A hornet zombie (D:5)
  5 centaurs
  A phantom (D:6)
  2 kobold brigands
  3 scorpions (D:5)
  Dowan (D:7)
  A wyvern skeleton (D:7)
  5 killer bees (D:9)
  3 howler monkeys (D:7)
  5 wights
  6 centaur zombies
  6 orc priests
  4 hounds
  3 gnoll shamans
  Crazy Yiuf (D:7)
  2 jellies
  2 bullfrog skeletons
  2 iguanas
  5 orc wizards
  A howler monkey zombie (D:9)
  8 gnolls
  A howler monkey skeleton (D:5)
  9 adders
  2 shadow imps
  2 white imps
  2 ufetubi
  2 dart slugs
  22 orcs
  3 bats
  6 endoplasms
  2 giant cockroaches
  11 goblins
  13 hobgoblins
  7 quokkas
  5 ball pythons
  5 frilled lizards
  14 kobolds
  4 rats
  A spectral hobgoblin (D:1)
212 creatures vanquished.

Vanquished Creatures (collateral kills)
  A phantom (D:4)
  2 orcs (D:4)
  A ball python (D:4)
  A goblin (D:4)
5 creatures vanquished.

Vanquished Creatures (others)
  2 fungi (D:3)
  4 plants
6 creatures vanquished.

Grand Total: 223 creatures vanquished

Table legend: (Time is in decaauts)
 A = Elapsed time spent in this place.
 B = Non-inter-level travel time spent in this place.
 C = Inter-level travel time spent in this place.
 D = Time resting spent in this place.
 E = Time spent auto-exploring this place.
 F = Levels seen in this place.
 G = Mean time per level.
                   A        B        C        D        E       F      G
               +--------+--------+--------+--------+--------+-----+--------+
         Total |  11915 |  11300 |    615 |   3239 |   6048 |  11 | 1083.2 |
       Dungeon |  11676 |  11124 |    552 |   3239 |   5875 |  10 | 1167.6 |
        Temple |    238 |    175 |     63 |      0 |    173 |   1 |  238.0 |
               +--------+--------+--------+--------+--------+-----+--------+

Top non-repeatable levels by time:
     D:5: 2152 daAuts
     D:1: 1887 daAuts
     D:4: 1514 daAuts
     D:6: 1392 daAuts
     D:8: 965 daAuts
     D:3: 945 daAuts
     D:7: 912 daAuts
     D:2: 796 daAuts
     D:9: 679 daAuts
    D:10: 430 daAuts
  Temple: 238 daAuts
